 Dungeon Crawl Stone Soup version 0.27-a0-972-gd1521fd518 (webtiles) character file.

Game seed: 7007578334794906701

36 bilbop the Magician (level 3, -1/25 HPs)
             Began as a Djinni Conjurer on Apr 13, 2021.
             Slain by a frilled lizard (2 damage)
             ... on level 2 of the Dungeon.
             The game lasted 00:04:20 (1872 turns).

bilbop the Magician (Djinni Conjurer)               Turns: 1872, Time: 00:04:21

Health: -1/25      AC:  2    Str:  6    XL:     3   Next: 37%
Gold:   52         EV: 12    Int: 19    God:
                   SH:  0    Dex: 12

rFire    + + .     SeeInvis .   (no weapon)
rCold    x . .     Faith    .   (no shield)
rNeg     . . .     Spirit   .   a - +0 robe
rPois    ∞         Reflect  .   (no helmet)
rElec    .         Harm     .   (no cloak)
rCorr    .         Rampage  .   (no gloves)
Will     .....                  (boots unavailable)
Stlth    ++........             (no amulet)
HPRegen  0.08/turn              (no ring)
MPRegen  0.00/turn              (no ring)

@: flying
A: fire resistance 2, cold vulnerability 1, float, innate caster, hp casting,
extra vitality 1
a: no special abilities


You were on level 2 of the Dungeon.
You visited 1 branch of the dungeon, and saw 2 of its levels.

You collected 52 gold pieces.

Inventory:

Missiles
 f - 20 stones
Armour
 a - a +0 robe (worn)
Scrolls
 b - a scroll of fear {unknown}
 c - a scroll of identify {unknown}
 e - a scroll of teleportation {unknown}
Potions
 d - 2 potions of curing {unknown}


   Skills:
 + Level 0.9 Short Blades
 + Level 2.6 Dodging
 + Level 2.0 Stealth
 * Level 4.0 Spellcasting


You couldn't memorise any spells.
You knew the following spells:

 Your Spells              Type           Power      Damage    Failure   Level
a - Magic Dart            Conj           76%        1d6       2%          1
b - Searing Ray           Conj           38%        3d4       4%          2
c - Dazzling Flash        Conj/Hex       38%        N/A       8%          3
d - Fulminant Prism       Conj/Hex       9%         3d7       26%         4
e - Iskenderun's Mystic   Conj/Tloc      19%        2d6       26%         4
f - Sandblast             Erth           38%        2d10      2%          1
Your spell library was empty.

Dungeon Overview and Level Annotations

Branches:
Dungeon (2/15)

Altars:

Annotations:
D:2 Terence


Innate Abilities, Weirdness & Mutations

You are immune to poison.
Your flesh is very heat resistant. (rF++)
You are vulnerable to cold. (rC-)
You float through the air rather than walking.
You learn spells naturally, not from books.
Your magical power is your life essence.
You have superior vitality. (+4 HP)


Message History

f - 22 stones The frilled lizard hisses angrily.
* * * LOW HITPOINT WARNING * * *
Terence closely misses you.
Casting: Sandblast (safe; 2% risk of failure)
Confirm with . or Enter, or press ? or * to list all spells.
Aiming: Sandblast (safe; 2% risk of failure)
Press: ? - help, Shift-Dir - straight line, f/p - Terence
Aim: Terence, wielding a +0 mace and wearing a +1 chain mail of willpower (moderately wounded, 15% to evade)
The blast of sand hits Terence.
Terence is moderately wounded.
f - 21 stones
* * * LOW HITPOINT WARNING * * *
Terence hits you with a +0 mace.
* * * LOW HITPOINT WARNING * * *
Casting: Sandblast (safe; 2% risk of failure)
Confirm with . or Enter, or press ? or * to list all spells.
Aiming: Sandblast (safe; 2% risk of failure)
Press: ? - help, Shift-Dir - straight line, f/p - Terence
Aim: Terence, wielding a +0 mace and wearing a +1 chain mail of willpower (moderately wounded, 15% to evade)
The blast of sand hits Terence.
Terence is heavily wounded.
f - 20 stones
* * * LOW HITPOINT WARNING * * *
Terence barely misses you.
Casting: Sandblast (safe; 2% risk of failure)
Confirm with . or Enter, or press ? or * to list all spells.
You don't have enough health to cast this spell.
Unknown command.
Terence misses you.
You hit Terence but do no damage.
Terence is heavily wounded.
Terence misses you.
You hit Terence but do no damage.
Terence is heavily wounded.
The frilled lizard closely misses you. Terence completely misses you.
You hit Terence.
Terence is heavily wounded.
The frilled lizard bites you.
You die...

### #.. #.# #.#
#######.## .
#........# ...
#........####....
##.....<..#.).....
##.......@@......#
#........>l........
#..#........###.#.#.
............# ....
...#........... .#.
## ###########. .. .
.


You could see Terence and a frilled lizard.

Vanquished Creatures
  An adder (D:2)
  8 ball pythons
  An endoplasm (D:1)
  A giant cockroach (D:1)
  A goblin (D:1)
  2 jackals (D:1)
  2 kobolds (D:1)
  3 quokkas (D:1)
  3 bats (D:1)
  4 rats (D:1)
26 creatures vanquished.

Notes
Turn   | Place    | Note
-------+----------+-------------------------------------------
     0 | D:1      | bilbop the Djinni Conjurer began the quest for the Orb.
     0 | D:1      | Reached XP level 1. HP: 15/15 MP: 0/0
   471 | D:1      | Reached XP level 2. HP: 20/21 MP: 0/0
  1221 | D:1      | Reached XP level 3. HP: 23/25 MP: 0/0
  1221 | D:1      | Learned a level 1 spell: Sandblast
  1826 | D:2      | Reached skill level 4 in Spellcasting
  1857 | D:2      | Noticed Terence
  1872 | D:2      | Slain by a frilled lizard

Illustrated notes

Levels and vault maps discovered:
D:1:      dpeg_arrival_windows_large_door, layout_loops_corners,
          minmay_pentomino_v2
D:2:      layout_rooms, serial_co_window_serial, co_window_paths_b,
          co_window_corner_a, co_window_cross_1, co_window_paths_b,
          co_window_paths_b, co_window_cross_1, co_window_paths_a,
          co_window_2corner, co_window_paths_c, co_window_cross_2,
          co_window_cross_4, co_window_of_opportunity_c, co_window_paths_e,
          co_window_4corner_b, glass_columns_a, glass_columns_a,
          glass_columns_b, glass_columns_a, glass_columns_c, uniq_terence

Skill      XL: |  1  2  3 |
---------------+----------+-----
Stealth        | 2 |  2.0
Spellcasting   | 4 |  4.0
Short Blades   | |  0.9
Dodging        | |  2.6

Action                   || total
-------------------------++-------
Melee: Unarmed           ||     3
 Cast: Magic Dart        ||    41
       Searing Ray       ||     5
       Sandblast         ||     3
Dodge: Dodged            ||    15

Table legend: (Time is in decaauts)
 A = Elapsed time spent in this place.
 B = Non-inter-level travel time spent in this place.
 C = Inter-level travel time spent in this place.
 D = Time resting spent in this place.
 E = Time spent auto-exploring this place.
 F = Levels seen in this place.
 G = Mean time per level.
                   A        B        C        D        E       F      G
               +--------+--------+--------+--------+--------+-----+--------+
         Total |   1871 |   1748 |    123 |    319 |   1327 |   2 |  935.5 |
       Dungeon |   1871 |   1748 |    123 |    319 |   1327 |   2 |  935.5 |
               +--------+--------+--------+--------+--------+-----+--------+

Top non-repeatable levels by time:
     D:1: 1821 daAuts
     D:2: 50 daAuts
